Map: Winter's Gate LE

Players

Mez

  • Race: Terran Terran
  • League: Master
  • Spawn Location: 11:00

A.I. 1 (Very Easy) - Winner!

  • Race: Terran Terran
  • Spawn Location: 5:00

VOD

Have the link to the VOD?

Description

Time

  • Played on: Aug. 23, 2019, 4:10 p.m.
  • Length: 6:18
Show
View Real Time Build Order
Export as new Build Order

Mez Terran 

Build Orders: Reaper Expand 

Get SALT Encoding   

  12  0:01  SCV  
  13  0:13  SCV  
  14  0:17  Supply Depot  
  14  0:25  SCV  
  15  0:38  SCV  
  15  0:41  Barracks  
  16  0:45  Refinery  
  16  0:51  SCV  
  17  1:03  SCV  
  18  1:15  SCV  
  19  1:29  Orbital Command, Reaper  
  20  1:39  Command Center  
  20  1:48  Bunker  
  20  1:54  SCV  
  20  1:57  Supply Depot  
  21  2:02  Barracks Reactor  
  21  2:06  SCV  
  22  2:18  SCV  
  23  2:31  Command Center  
  23  2:33  SCV  
  24  2:40  Factory  
  24  2:45  Marine x2  
  24  2:49  SCV  
  27  2:55  Orbital Command  
  27  3:03  SCV, Refinery  
  28  3:08  Marine x2  
  30  3:16  SCV  
  31  3:22  Barracks  
  31  3:28  Marine, Widow Mine  
  31  3:29  Marine  
  31  3:30  SCV  
  31  3:32  SCV  
  37  3:42  SCV  
  37  3:43  Barracks  
  37  3:45  Orbital Command  
  37  3:47  SCV  
  39  3:50  Widow Mine  
  39  3:52  Marine  
  39  3:54  Marine, SCV  
  44  3:59  SCV  
  45  4:04  Barracks  
  45  4:06  SCV  
  46  4:11  Barracks Tech Lab  
  46  4:15  Factory Reactor  
  46  4:16  Starport  
  46  4:17  SCV x2  
  46  4:19  SCV  
  46  4:21  Marine  
  46  4:22  Marine  
  51  4:27  Supply Depot  
  51  4:30  SCV  
  51  4:31  SCV  
  53  4:33  Refinery  
  53  4:34  SCV  
  53  4:35  Refinery  
  54  4:41  Marauder  
  54  4:42  Marine  
  54  4:43  Marine  
  58  4:45  SCV  
  58  4:46  SCV  
  58  4:48  SCV  
  58  4:51  Supply Depot  
  61  4:55  Barracks Tech Lab  
  61  4:58  SCV x2  
  63  5:00  Factory Reactor  
  63  5:03  Marine x2, Marauder  
  63  5:04  SCV  
  68  5:12  SCV  
  68  5:13  SCV, Medivac x2  
  74  5:16  SCV, Supply Depot  
  74  5:17  Orbital Command  
  75  5:23  Supply Depot, Marauder  
  77  5:37  Marine x2, Engineering Bay  
  77  5:38  SCV x2, Engineering Bay  
  77  5:40  Widow Mine  
  77  5:41  Widow Mine  
  85  5:45  SCV  
  86  5:50  SCV x2  
  92  5:57  SCV  
  93  6:14  Barracks  
  93  6:15  Barracks, Supply Depot  
Show
View Real Time Build Order
Export as new Build Order

A.I. 1 (Very Easy) Terran - Winner!

Build Orders:  

Get SALT Encoding   

  12  0:00  SCV  
  13  0:13  SCV  
  14  0:18  Supply Depot  
  14  0:37  Refinery  
  14  0:43  Barracks  
  14  1:04  Supply Depot  
  14  1:11  Refinery  
  14  1:29  Orbital Command  
  14  1:30  Marine  
  15  1:48  Barracks Tech Lab  
  15  1:55  SCV  
  16  2:07  SCV  
  17  2:16  Marine  
  17  2:19  SCV  
  19  2:31  SCV  
  20  2:43  SCV  
  21  2:55  SCV  
  22  3:02  Marauder  
Tags
 
Add a new tag
Caveats
  • Supply blocks, unpowered buildings, or Contaminate may cause inaccurate times.
  • Supply counts are checked every 10 seconds.